TOP OF THE 1ST |
---|
Bismark Border Guards batting - Pitching for Balzac Rams : RHP Tim Osborne | Pitching: RHP Tim Osborne | | Batting: RHB Alfredo Farías | 0-0: Called Strike 0-1: Called Strike 0-2: Ball 1-2: Foul Ball, location: 2F 1-2: Strikes out swinging | Batting: LHB Will Hill | 0-0: Fly out, F8 (Flyball, 8LD) | Batting: RHB Jackson Gibson | 0-0: Ball 1-0: SINGLE (Groundball, 4D) | Batting: LHB Alan Moore | 0-0: Ball 1-0: Called Strike 1-1: Foul Ball, location: 2F 1-2: Ball Jackson Gibson steals 2nd base 2-2: Ball 3-2: Ground out 6-3 (Groundball, 6) | Top of the 1st over - 0 runs, 1 hit, 0 errors, 1 left on base; Bismark 0 - Balzac 0 | BOTTOM OF THE 1ST |
---|
Balzac Rams batting - Pitching for Bismark Border Guards : RHP Brandon Sweet | Pitching: RHP Brandon Sweet | | Batting: RHB Gunner Allen | 0-0: Called Strike 0-1: Ball 1-1: Foul Ball, location: 2F 1-2: Strikes out swinging | Batting: LHB Troy Jackson | 0-0: Ground out 4-3 (Groundball, 4) | Batting: RHB Santiago Rivera | 0-0: Called Strike 0-1: Called Strike 0-2: Ball 1-2: Ball 2-2: Fly out, F9 (Flyball, 9D) | Bottom of the 1st over - 0 runs, 0 hits, 0 errors, 0 left on base; Bismark 0 - Balzac 0 | TOP OF THE 2ND |
---|
Bismark Border Guards batting - Pitching for Balzac Rams : RHP Tim Osborne | Batting: RHB Mario Carranza | 0-0: Foul Ball, location: 2F 0-1: Ball 1-1: Ground out 5-3 (Groundball, 56S) | Batting: RHB Danny Spode | 0-0: Ball 1-0: Ball 2-0: Swinging Strike 2-1: Ball 3-1: SINGLE (Groundball, 6D) | Batting: RHB Sergio Solíz | 0-0: Ball 1-0: Called Strike 1-1: Foul Ball, location: 2F 1-2: Ball 2-2: Ball 3-2: Foul Ball, location: 2F 3-2: Strikes out swinging | Batting: SHB Vicente Pagán | 0-0: Ground out 4-3 (Groundball, 4M) | Top of the 2nd over - 0 runs, 1 hit, 0 errors, 1 left on base; Bismark 0 - Balzac 0 | BOTTOM OF THE 2ND |
---|
Balzac Rams batting - Pitching for Bismark Border Guards : RHP Brandon Sweet | Batting: RHB Ken Longoria | 0-0: Called Strike 0-1: Ball 1-1: Foul Ball, location: 2F 1-2: Foul Ball, location: 2F 1-2: Foul Ball, location: 2F 1-2: Strikes out looking | Batting: RHB Tommy Wilson | 0-0: Ball 1-0: SINGLE (Groundball, 5S) (infield hit) | Batting: SHB Emílio Calvillo | 0-0: Called Strike 0-1: SINGLE (Groundball, 56D) Tommy Wilson to second | Batting: RHB Jason Ward | 0-0: Fly out, F4 (Line Drive, 4) Lined into DP, 4-6 (Line Drive, 4) | Bottom of the 2nd over - 0 runs, 2 hits, 0 errors, 1 left on base; Bismark 0 - Balzac 0 | TOP OF THE 3RD |
---|
Bismark Border Guards batting - Pitching for Balzac Rams : RHP Tim Osborne | Batting: LHB Kelsey Scott | 0-0: Ball 1-0: Ball 2-0: Called Strike 2-1: Foul Ball, location: 2F 2-2: Ball 3-2: Base on Balls | Batting: RHB Alfredo Farías | 0-0: Ball Throwing error on steal attempt, E2 Kelsey Scott to third 1-0: Swinging Strike 1-1: Ball 2-1: Foul Ball, location: 2F 2-2: Fly out, F8 (Flyball, 8RD) Runner from 3rd tags up, SCORES, throw made | Batting: LHB Will Hill | 0-0: Ball 1-0: Called Strike 1-1: Ball 2-1: Ball 3-1: Foul Ball, location: 2F 3-2: Base on Balls | Batting: RHB Jackson Gibson | 0-0: Ball 1-0: Ball 2-0: Ball 3-0: Called Strike 3-1: 2-RUN HOME RUN (Flyball, 7LD), Distance : 430 ft | Batting: LHB Alan Moore | 0-0: Ground out 6-3 (Groundball, 6D) | Batting: RHB Mario Carranza | 0-0: Ball 1-0: Foul Ball, location: 2F 1-1: Ball 2-1: Ball 3-1: Base on Balls | Batting: RHB Danny Spode | 0-0: Fly out, F5 (Popup, 5S) | Top of the 3rd over - 3 runs, 1 hit, 1 error, 1 left on base; Bismark 3 - Balzac 0 | BOTTOM OF THE 3RD |
---|
Balzac Rams batting - Pitching for Bismark Border Guards : RHP Brandon Sweet | Batting: RHB Lorenzo Silva | 0-0: Foul Ball, location: 2F 0-1: Swinging Strike 0-2: Strikes out looking | Batting: RHB Ricardo Muńóz | 0-0: Called Strike 0-1: Ball 1-1: Ball 2-1: Ball 3-1: Called Strike 3-2: Strikes out swinging | Batting: RHB Gunner Allen | 0-0: Called Strike 0-1: Ground out 1-3 (Groundball, P) | Bottom of the 3rd over - 0 runs, 0 hits, 0 errors, 0 left on base; Bismark 3 - Balzac 0 | TOP OF THE 4TH |
---|
Bismark Border Guards batting - Pitching for Balzac Rams : RHP Tim Osborne | Batting: RHB Sergio Solíz | 0-0: Ball 1-0: Fly out, F9 (Line Drive, 9) | Batting: SHB Vicente Pagán | 0-0: Ball 1-0: Swinging Strike 1-1: Ball 2-1: Ball 3-1: Base on Balls | Batting: LHB Kelsey Scott | 0-0: Called Strike 0-1: Ball Vicente Pagán steals 2nd base 1-1: Ball 2-1: Swinging Strike 2-2: Hit by Pitch | Batting: RHB Alfredo Farías | 0-0: Ball Vicente Pagán steals 3rd base Kelsey Scott to second 1-0: Ball 2-0: Fly out, F7 (Flyball, 7) Throwing error, E7 Vicente Pagán scores Kelsey Scott to third | Batting: LHB Will Hill | 0-0: Ball 1-0: Ball 2-0: Ball 3-0: Called Strike 3-1: Foul Ball, location: 2F 3-2: Base on Balls | Batting: RHB Jackson Gibson | 0-0: Called Strike 0-1: Ball 1-1: Called Strike 1-2: SINGLE (Flyball, 6MD) Kelsey Scott scores Will Hill to second | Batting: LHB Alan Moore | 0-0: Ball 1-0: Ball 2-0: Called Strike 2-1: Ball 3-1: Foul Ball, location: 2F 3-2: Base on Balls Will Hill to third Jackson Gibson to second | Batting: RHB Mario Carranza | 0-0: Called Strike 0-1: Foul Ball, location: 2F 0-2: SINGLE (Groundball, 56D) Will Hill scores Jackson Gibson to third Alan Moore to second Runner from 3rd tries for Home, SAFE, throw made home | Batting: RHB Danny Spode | 0-0: Ball 1-0: Ball 2-0: Ball 3-0: Base on Balls Alan Moore to third Mario Carranza to second | Batting: RHB Sergio Solíz | Balk! Alan Moore scores Mario Carranza to third Danny Spode to second 0-0: Called Strike 0-1: Called Strike 0-2: Strikes out swinging | Top of the 4th over - 5 runs, 2 hits, 1 error, 2 left on base; Bismark 8 - Balzac 0 | BOTTOM OF THE 4TH |
---|
Balzac Rams batting - Pitching for Bismark Border Guards : RHP Brandon Sweet | Batting: LHB Troy Jackson | 0-0: Called Strike 0-1: Ball 1-1: Called Strike 1-2: Strikes out swinging | Batting: RHB Santiago Rivera | 0-0: Called Strike 0-1: Ball 1-1: Ball 2-1: Foul Ball, location: 2F 2-2: Strikes out swinging | Batting: RHB Ken Longoria | 0-0: Ground out 1-3 (Groundball, P) | Bottom of the 4th over - 0 runs, 0 hits, 0 errors, 0 left on base; Bismark 8 - Balzac 0 | TOP OF THE 5TH |
---|
Bismark Border Guards batting - Pitching for Balzac Rams : RHP Tim Osborne | Batting: SHB Vicente Pagán | 0-0: Swinging Strike 0-1: Ground out 1-3 (Groundball, 13S) | Batting: LHB Kelsey Scott | 0-0: Called Strike 0-1: Ball 1-1: Ball 2-1: Ball 3-1: Base on Balls | Pitching: RHP Billy Jacobs | | Batting: RHB Alfredo Farías | 0-0: Called Strike Kelsey Scott steals 2nd base 0-1: Ball 1-1: Called Strike 1-2: Foul Ball, location: 2F 1-2: Strikes out looking | Batting: LHB Will Hill | 0-0: Foul Ball, location: 2F 0-1: Called Strike 0-2: Ball 1-2: Strikes out looking | Top of the 5th over - 0 runs, 0 hits, 0 errors, 1 left on base; Bismark 8 - Balzac 0 | BOTTOM OF THE 5TH |
---|
Balzac Rams batting - Pitching for Bismark Border Guards : RHP Brandon Sweet | Batting: RHB Tommy Wilson | 0-0: Fly out, F8 (Flyball, 8RM) | Batting: SHB Emílio Calvillo | 0-0: Swinging Strike 0-1: Called Strike 0-2: Ball 1-2: DOUBLE (Line Drive, 8LXD) | Batting: RHB Jason Ward | 0-0: Ball 1-0: Called Strike 1-1: Foul Ball, location: 2F 1-2: SINGLE (Line Drive, 78S) Emílio Calvillo to third Runner from 3rd tries for Home, throw and OUT! | Batting: RHB Lorenzo Silva | 0-0: Ball Jason Ward steals 2nd base 1-0: Called Strike 1-1: Fly out, F9 (Flyball, 89M) | Bottom of the 5th over - 0 runs, 2 hits, 0 errors, 1 left on base; Bismark 8 - Balzac 0 | TOP OF THE 6TH |
---|
Bismark Border Guards batting - Pitching for Balzac Rams : RHP Billy Jacobs | Batting: RHB Jackson Gibson | 0-0: Called Strike 0-1: Foul Ball, location: 2F 0-2: Foul Ball, location: 2F 0-2: Strikes out swinging | Batting: LHB Alan Moore | 0-0: Ball 1-0: Fly out, F8 (Flyball, 8RXD) | Batting: RHB Mario Carranza | 0-0: Called Strike 0-1: Ball 1-1: Foul Ball, location: 2F 1-2: Ball 2-2: Ball 3-2: Foul Ball, location: 2F 3-2: Ground out 1-3 (Groundball, P) | Top of the 6th over - 0 runs, 0 hits, 0 errors, 0 left on base; Bismark 8 - Balzac 0 | BOTTOM OF THE 6TH |
---|
Balzac Rams batting - Pitching for Bismark Border Guards : RHP Brandon Sweet | Batting: RHB Ricardo Muńóz | 0-0: Ball 1-0: Foul Ball, location: 2F 1-1: Ball 2-1: Swinging Strike 2-2: Ball 3-2: Base on Balls | Batting: RHB Gunner Allen | 0-0: Called Strike Ricardo Muńóz steals 2nd base 0-1: SINGLE (Groundball, 56D) Ricardo Muńóz to third Runner from 3rd tries for Home, SAFE, no throw | Batting: LHB Troy Jackson | 0-0: Ball 1-0: Called Strike 1-1: Foul Ball, location: 2F 1-2: Strikes out swinging | Batting: RHB Santiago Rivera | 0-0: Ball 1-0: Grounds into double play, 6-4-3 (Groundball, 6) | Bottom of the 6th over - 1 run, 1 hit, 0 errors, 0 left on base; Bismark 8 - Balzac 1 | TOP OF THE 7TH |
---|
Bismark Border Guards batting - Pitching for Balzac Rams : RHP Billy Jacobs | Batting: RHB Danny Spode | 0-0: Ground out 3-1 (Groundball, 34) | Batting: RHB Sergio Solíz | 0-0: Foul Ball, location: 2F 0-1: Called Strike 0-2: Ball 1-2: Strikes out swinging | Batting: SHB Vicente Pagán | 0-0: Ground out 3-1 (Groundball, 34) | Top of the 7th over - 0 runs, 0 hits, 0 errors, 0 left on base; Bismark 8 - Balzac 1 | BOTTOM OF THE 7TH |
---|
Balzac Rams batting - Pitching for Bismark Border Guards : RHP Brandon Sweet | Now at 3B: José Vidal | | Batting: RHB Ken Longoria | 0-0: SINGLE (Groundball, 56D) | Batting: RHB Tommy Wilson | 0-0: Called Strike 0-1: Ball 1-1: Ball 2-1: Ball 3-1: Swinging Strike 3-2: SINGLE (Groundball, 56D) Ken Longoria to second | Batting: SHB Emílio Calvillo | 0-0: Ball 1-0: Swinging Strike 1-1: Foul Ball, location: 2F 1-2: Ball 2-2: Ball 3-2: Fly out, F8 (Flyball, 8LS) | Batting: RHB Jason Ward | 0-0: Fly out, F5 (Flyball, 5DF) | Batting: RHB Lorenzo Silva | 0-0: Ball 1-0: Fielders Choice at 2nd, 6-4 (Groundball, 6) | Bottom of the 7th over - 0 runs, 2 hits, 0 errors, 2 left on base; Bismark 8 - Balzac 1 | TOP OF THE 8TH |
---|
Bismark Border Guards batting - Pitching for Balzac Rams : RHP Billy Jacobs | Batting: LHB Kelsey Scott | 0-0: Called Strike 0-1: Foul Ball, location: 2F 0-2: Ball 1-2: Ball 2-2: Ball 3-2: Base on Balls | Batting: RHB Alfredo Farías | 0-0: Swinging Strike 0-1: Swinging Strike 0-2: Ball 1-2: Foul Ball, location: 2F 1-2: Foul Ball, location: 2F 1-2: Strikes out swinging | Batting: LHB Will Hill | 0-0: Ball 1-0: Ball Kelsey Scott steals 2nd base 2-0: Called Strike 2-1: Foul Ball, location: 2F 2-2: Strikes out swinging | Batting: RHB Jackson Gibson | 0-0: Ball Kelsey Scott steals 3rd base 1-0: Ball 2-0: Reached on error, E8 (Flyball, 8RD) Kelsey Scott scores | Batting: LHB Alan Moore | 0-0: Ball 1-0: Foul Ball, location: 2F 1-1: Ball 2-1: Foul Ball, location: 2F 2-2: Fly out, F8 (Line Drive, 8LD) | Top of the 8th over - 1 run, 0 hits, 1 error, 1 left on base; Bismark 9 - Balzac 1 | BOTTOM OF THE 8TH |
---|
Balzac Rams batting - Pitching for Bismark Border Guards : RHP Brandon Sweet | Now in LF: Oliver Sánchez | | Batting: RHB Ricardo Muńóz | 0-0: Called Strike 0-1: Ball 1-1: Foul Ball, location: 2F 1-2: Strikes out looking | Batting: RHB Gunner Allen | 0-0: Ball 1-0: Ball 2-0: Ground out 5-3 (Groundball, 5) | Batting: LHB Troy Jackson | 0-0: Ball 1-0: Called Strike 1-1: Ground out 4-3 (Groundball, 34D) | Bottom of the 8th over - 0 runs, 0 hits, 0 errors, 0 left on base; Bismark 9 - Balzac 1 | TOP OF THE 9TH |
---|
Bismark Border Guards batting - Pitching for Balzac Rams : RHP Billy Jacobs | Batting: RHB Mario Carranza | 0-0: Called Strike 0-1: Ball 1-1: Foul Ball, location: 2F 1-2: Strikes out swinging, 2-3 out at first. | Batting: RHB José Vidal | 0-0: Foul Ball, location: 2F 0-1: Ball 1-1: Hit by Pitch | Batting: RHB Sergio Solíz | 0-0: Ball 1-0: Called Strike José Vidal is caught stealing 2nd base 1-1: Swinging Strike 1-2: Strikes out swinging | Top of the 9th over - 0 runs, 0 hits, 0 errors, 0 left on base; Bismark 9 - Balzac 1 | BOTTOM OF THE 9TH |
---|
Balzac Rams batting - Pitching for Bismark Border Guards : RHP Brandon Sweet | Batting: RHB Santiago Rivera | 0-0: Ball 1-0: Ball 2-0: Ball 3-0: Called Strike 3-1: Fly out, F9 (Flyball, 9LSF) | Batting: RHB Ken Longoria | 0-0: Ball 1-0: Foul Ball, location: 2F 1-1: Ball 2-1: SINGLE (Groundball, 34D) | Batting: RHB Tommy Wilson | 0-0: Ball 1-0: Foul Ball, location: 2F 1-1: Called Strike 1-2: Strikes out swinging | Batting: SHB Emílio Calvillo | 0-0: Called Strike 0-1: Ball 1-1: Foul Ball, location: 2F 1-2: Fly out, F6 (Popup, 6MD) | Bottom of the 9th over - 0 runs, 1 hit, 0 errors, 1 left on base; Bismark 9 - Balzac 1 | |